 Dungeon Crawl Stone Soup version 0.29.1-15-g9cfb28693d (webtiles) character file.

Game seed: 4231666476377609089

3 Groucho the Caller (level 1, -3/10 HPs)
             Began as a Deep Elf Summoner on Apr 7, 2023.
             Slain by a hobgoblin (4 damage)
             ... on level 1 of the Dungeon.
             The game lasted 00:00:31 (244 turns).

Groucho the Caller (Deep Elf Summoner)               Turns: 244, Time: 00:00:31

Health: -3/10      AC:  2    Str:  5    XL:     1   Next: 41%
Magic:  5/6        EV: 12    Int: 19    God:
Gold:   30         SH:  0    Dex: 15    Spells: 5/6 levels left

rFire   . . .      SeeInvis .   (no weapon)
rCold   . . .      Faith    .   (no shield)
rNeg    . . .      Spirit   .   a - +0 robe
rPois   .          Reflect  .   (no helmet)
rElec   .          Harm     .   (no cloak)
rCorr   .          Rampage  .   (no gloves)
Will    .....                   (no boots)
Stlth   ++........              (no amulet)
HPRegen 0.03/turn               (no ring)
MPRegen 0.10/turn               (no ring)

@: no status effects
A: no striking features
a: no special abilities


You were on level 1 of the Dungeon.
You visited 1 branch of the dungeon, and saw 1 of its levels.

You collected 30 gold pieces.

Inventory:

Armour
 a - a +0 robe (worn)
Jewellery
 c - an amulet of the acrobat
Scrolls
 g - a scroll of teleportation {unknown}
Potions
 b - a potion of magic
 d - a potion of ambrosia {unknown}
 e - a potion of attraction {unknown}
 f - a potion of curing {unknown}


   Skills:
 + Level 2.5 Dodging
 + Level 2.5 Stealth
 + Level 3.1 Spellcasting
 + Level 4.4 Summonings


You had 5 spell levels left.
You knew the following spells:

 Your Spells              Type           Power      Damage    Failure   Level
a - Summon Small Mammal   Summ           76%        N/A       2%          1

Your spell library contained the following spells:

 Spells                   Type           Power      Damage    Failure   Level
 Call Imp                 Summ           19%        N/A       3%          2
 Call Canine Familiar     Summ           19%        N/A       8%          3
 Summon Guardian Golem    Hex/Summ       11%        N/A       19%         3
 Summon Lightning Spire   Summ/Air       11%        N/A       52%         4


Dungeon Overview and Level Annotations

Branches:
Dungeon (1/15)

Altars:


Message History

The hobgoblin barely misses your quokka.
Your bat misses the hobgoblin.
Your quokka bites the hobgoblin.
Your quokka bites the hobgoblin but does no damage.
The hobgoblin barely misses your quokka.
Your bat barely misses the hobgoblin.
Your quokka closely misses the hobgoblin.
The hobgoblin barely misses your quokka.
Your bat hits the hobgoblin.
The hobgoblin dies!
You swap places.
g - a scroll labelled HOVEITR BORO Your quokka disappears in a puff of smoke!
You swap places.
Your bat disappears in a puff of smoke!
A hobgoblin comes into view.
The hobgoblin shouts!
You completely miss the hobgoblin. The hobgoblin hits you.
You closely miss the hobgoblin. The hobgoblin barely misses you.
Casting: Summon Small Mammal (safe; 2% risk of failure)
Confirm with . or Enter, or press ? or * to list all spells.
The hobgoblin closely misses you. The hobgoblin barely misses your rat.
Your rat bites the hobgoblin.
The hobgoblin hits your rat but does no damage.
Your rat bites the hobgoblin but does no damage.
The hobgoblin misses your rat.
Your rat bites the hobgoblin but does no damage.
The hobgoblin hits your rat.
Your rat dies!
Your rat's corpse disappears in a puff of smoke!
Casting: Summon Small Mammal (safe; 2% risk of failure)
Confirm with . or Enter, or press ? or * to list all spells.
The hobgoblin hits you. The hobgoblin hits you.
* * * LOW HITPOINT WARNING * * *
Your quokka barely misses the hobgoblin.
You barely miss the hobgoblin.
The hobgoblin is heavily wounded.
The hobgoblin hits you.
You die...

##.......# ##........##
### ##........... #..
#..........## ##..
##.........#
#..######.........##
###.##..............##
##...##.######......##.
#...rg@.# ##........#.
#...#.#####
#.........#. #.# #.
#.........#. # ..
#.........## ###
###.........##
..............
##...........#
#..#...†......
..............#


You could see a hobgoblin (ally target) and a friendly quokka (summoned).

Vanquished Creatures
  A frilled lizard (D:1)
1 creature vanquished.

Vanquished Creatures (collateral kills)
  An endoplasm (D:1)
  A hobgoblin (D:1)
2 creatures vanquished.

Grand Total: 3 creatures vanquished

Notes
Turn   | Place    | Note
-------+----------+-------------------------------------------
     0 | D:1      | Groucho the Deep Elf Summoner began the quest for the Orb.
     0 | D:1      | Reached XP level 1. HP: 10/10 MP: 6/6
   244 | D:1      | Slain by a hobgoblin

Illustrated notes

Levels and vault maps discovered:
D:1:      saegor_arrival_simple_e, layout_rooms, serial_glass, glass_columns_b,
          glass_columns_c, item_on_display_a, item_on_display_a,
          feat_on_display, wander_ebering_terrifying_dragon_lair

Action                   || total
-------------------------++-------
Melee: Unarmed           ||     5
 Cast: Summon Small Mamm ||     6
Dodge: Dodged            ||     3
